 Dungeon Crawl Stone Soup version 0.30-a0-586-g23e55c9e0a (webtiles) character file.

Game seed: 2459253777629958858

294 tilp the Covered (level 6, -2/52 HPs)
             Began as a Meteoran Fighter on Jan 3, 2023.
             Slain by an orc
             ... wielding a +0 falchion
              (5 damage)
             ... on level 4 of the Dungeon.
             The game lasted 00:03:52 (673 turns).

tilp the Covered (Meteoran Fighter)                  Turns: 673, Time: 00:03:53

Health: -2/52      AC: 10    Str: 18    XL:     6   Next: 92%
Magic:  7/7        EV: 12    Int:  9    God:
Gold:   118        SH:  5    Dex: 16    Spells: 5/5 levels left

rFire   . . .      SeeInvis .    a - +0 long sword
rCold   . . .      Faith    .    c - +0 buckler
rNeg    . . .      Spirit   .    m - +3 ring mail {rPois}
rPois   +          Reflect  .    (no helmet)
rElec   .          Harm     .    s - +0 cloak
rCorr   .          Rampage  .    (no gloves)
Will    .....                    (no boots)
Stlth   +                        (no amulet)
HPRegen 0.28/turn                (no ring)
MPRegen 0.10/turn                (no ring)

@: glowing
A: sense surroundings 1, otherworldly, glowing, explore regen
a: no special abilities


You were on level 4 of the Dungeon.
You visited 1 branch of the dungeon, and saw 8 of its levels.

You collected 118 gold pieces.

Inventory:

Hand Weapons
 a - a +0 long sword (weapon)
 b - a +0 rapier
Missiles
 f - 12 stones
 w - a boomerang
 y - 6 poisoned darts (quivered)
Armour
 c - a +0 buckler (worn)
 i - a +0 scale mail
 l - a +0 chain mail
 m - a +3 ring mail of poison resistance (worn)
 n - a +2 scale mail of fire resistance
 s - a +0 cloak (worn)
Wands
 v - a wand of mindburst (15)
Scrolls
 g - 2 scrolls of identify {unknown}
 h - a scroll of teleportation {unknown}
 k - a scroll of blinking {unknown}
 o - a scroll of fog {unknown}
 t - a scroll of vulnerability {unknown}
 u - a scroll of silence {unknown}
Potions
 d - 2 potions of might
 e - 2 potions of mutation {unknown}
 j - 2 potions of attraction {unknown}
 p - a potion of curing {unknown}
 q - a potion of cancellation {unknown}
 r - a potion of haste {unknown}
 x - a potion of flight {unknown}


   Skills:
 + Level 4.0 Fighting
 + Level 4.0 Long Blades
 + Level 0.4 Throwing
 + Level 4.0 Armour
 + Level 4.0 Dodging
 + Level 2.1 Stealth
 - Level 4.0 Shields
 + Level 0.1 Evocations


You had 5 spell levels left.
You didn't know any spells.
Your spell library was empty.

Dungeon Overview and Level Annotations

Branches:
Dungeon (8/15) Zot: 4088
 Temple: D:4-7         Lair: D:8-11

Altars:
Ashenzari

Shops:
D:7 =


Innate Abilities, Weirdness & Mutations

You passively map a small area around you.
You are easily found by Zot.
You glow in the dark.
You regain HP and MP as you explore.


Message History

You block the orc's attack.
You completely miss the orc.
The orc is heavily wounded.
The orc barely misses you.
You completely miss the orc.
The orc is heavily wounded.
The orc priest hits you but does no damage.
The orc barely misses you. The orc hits you with a +0 club.
You closely miss the orc.
The orc is moderately wounded.
The orc closely misses you. The orc misses you.
The orc priest hits you but does no damage.
The orc attacks as you move away! The orc barely misses you.
You slash the orc!
You kill the orc!
You hit the orc but do no damage.
The orc is moderately wounded.
The orc hits you but does no damage.
You hit the orc.
The orc is heavily wounded.
The orc hits you but does no damage.
The orc priest looks satisfied for a moment.
You closely miss the orc.
The orc is heavily wounded.
The orc hits you but does no damage. The orc hits you with a +0 falchion.
You hit the orc.
The orc is severely wounded.
You block the orc's attack. The orc hits you with a +0 falchion!
* * * LOW HITPOINT WARNING * * *
Unknown command.
You hit the orc.
The orc is moderately wounded.
The orc closely misses you. The orc barely misses you.
The orc priest mumbles some strange prayers to Beogh against you.
Beogh smites you!
* * * LOW HITPOINT WARNING * * *
You barely miss the orc.
The orc is moderately wounded.
The orc closely misses you. The orc hits you with a +0 falchion.
You die...

...#.##.###
..........##
.####.###..##
......# ##..###
####### ##...# #
###.# # *
#.############## ..
####...ooo.....[..#
###
#......@#......##.#
##......#.o...## *
. * ##.....#...$##
,, . , ,
##....#...##, . , ,
##...#..## , * #**
, , , ##..#.##, #
** * , ####'# , ###
#... , , ..# *#._


You could see an orc priest and 2 orcs.

Vanquished Creatures
  A centaur (D:5)
  A bullfrog (D:6)
  Jessica (D:3)
  Terence (D:3)
  An iguana (D:5)
  3 adders
  An ufetubus (D:5)
  A worm (D:4)
  2 dart slugs
  8 orcs
  An endoplasm (D:4)
  2 hobgoblins (D:1)
  2 jackals (D:5)
  2 ball pythons
  3 bats
  A rat (D:1)
31 creatures vanquished.

Notes
Turn   | Place    | Note
-------+----------+-------------------------------------------
     0 | D:1      | tilp the Meteoran Fighter began the quest for the Orb.
     0 | D:1      | Reached XP level 1. HP: 19/19 MP: 2/2
    61 | D:2      | Reached XP level 2. HP: 25/26 MP: 3/3
    92 | D:2      | Reached skill level 1 in Dodging
   202 | D:3      | Reached XP level 3. HP: 22/31 MP: 4/4
   289 | D:3      | Noticed Jessica
   301 | D:3      | Noticed Terence
   302 | D:3      | Killed Jessica
   303 | D:3      | Reached XP level 4. HP: 33/39 MP: 5/5
   322 | D:3      | Killed Terence
   323 | D:3      | Reached skill level 1 in Stealth
   377 | D:5      | Entered Level 5 of the Dungeon
   385 | D:5      | Noticed a centaur
   401 | D:5      | Reached XP level 5. HP: 44/46 MP: 6/6
   410 | D:5      | Killed a centaur
   411 | D:5      | Reached XP level 6. HP: 48/52 MP: 7/7
   546 | D:7      | Found Zukodo's Jewellery Emporium.
   560 | D:8      | Noticed an orc warrior
   649 | D:4      | Found a broken altar of Ashenzari.
   673 | D:4      | Slain by an orc

Illustrated notes

Levels and vault maps discovered:
D:1:      co_arrival_square_in_a_square_in_a_square, layout_basic,
          hellmonk_ecumenical_altar_run_dry, corexii_hall_statues_x
D:2:      layout_basic
D:3:      layout_rooms, uniq_terence, uniq_jessica
D:4:      layout_basic, nicolae_ashenzari_panopticon
D:5:      layout_basic, temple_green, serial_shops, shop, uniq_pikel
D:6:      layout_loops_ring, serial_shops, kennysheep_little_box
D:7:      layout_rooms, grunt_gozag_statues, serial_shops,
          nicolae_stop_n_shop_1, uniq_menkaure
D:8:      layout_loops_ring, amethyst_overflow_temple_binary, enter_bailey_3,
          minmay_misc_feat_columns

Skill      XL: |  1  2  3  4  5  6 |
---------------+-------------------+-----
Dodging        | 1 2 3 4 |  4.0
Long Blades    | 3 4 |  4.0
Armour         | 4 |  4.0
Stealth        | 1 2 |  2.1
Shields        | 4 |  4.0
Fighting       | 4 |  4.0
Throwing       | |  0.4
Evocations     | |  0.1

Action                   |  1- 3 |  4- 6 || total
-------------------------+-------+-------++-------
Melee: Long sword        |    39 |    98 ||   137
Armor: Scale mail        |    13 |       ||    13
       Ring mail         |       |    61 ||    61
       Chain mail        |       |     5 ||     5
Dodge: Dodged            |     9 |    86 ||    95
Block: Buckler           |     9 |    41 ||    50

Table legend: (Time is in decaauts)
 A = Elapsed time spent in this place.
 B = Non-inter-level travel time spent in this place.
 C = Inter-level travel time spent in this place.
 D = Time resting spent in this place.
 E = Time spent auto-exploring this place.
 F = Levels seen in this place.
 G = Mean time per level.
                   A        B        C        D        E       F      G
               +--------+--------+--------+--------+--------+-----+--------+
         Total |    710 |    675 |     35 |      3 |      0 |   8 |   88.8 |
       Dungeon |    710 |    675 |     35 |      3 |      0 |   8 |   88.8 |
               +--------+--------+--------+--------+--------+-----+--------+

Top non-repeatable levels by time:
     D:3: 168 daAuts
     D:5: 144 daAuts
     D:2: 135 daAuts
     D:4: 89 daAuts
     D:6: 76 daAuts
     D:1: 59 daAuts
     D:7: 28 daAuts
     D:8: 8 daAuts
